 Dungeon Crawl Stone Soup version 0.31-a0-986-g5e6e4ef867 (webtiles) character file.

Game seed: 11613886795661460286

45 DocClef the Changeling (level 3, 0/26 HPs)
             Began as a Demonspawn Shapeshifter on Nov 6, 2023.
             Slain by an orc
             ... wielding a +0 club
              (4 damage)
             ... on level 3 of the Dungeon.
             The game lasted 00:01:13 (1322 turns).

DocClef the Changeling (Demonspawn Shapeshifter)    Turns: 1322, Time: 00:01:14

Health: 0/26       AC:  5    Str: 16    XL:     3   Next: 42%
Magic:  3/3        EV: 11    Int: 11    God:
Gold:   53         SH:  0    Dex: 12    Spells: 2/2 levels left

rFire   . . .        g - +2 battleaxe (flame)
rCold   . . .        (shield currently unavailable)
rNeg    . . .        i - +0 ring mail {rPois}
rPois   +            (helmet currently unavailable)
rElec   .            (cloak currently unavailable)
rCorr   .            (gloves currently unavailable)
SInv    .            (boots currently unavailable)
Will    .....        (no amulet)
Stlth   +            (no ring)
HPRegen 0.24/turn    (no ring)
MPRegen 0.08/turn

%: no passive effects
@: beast-form
A: beast (slay +2), antennae 1
a: Begin Untransformation


You were on level 3 of the Dungeon.
You were a hulking beast.
You visited 1 branch of the dungeon, and saw 3 of its levels.

You collected 53 gold pieces.

Inventory:

Hand Weapons
 g - a +2 battleaxe of flaming (weapon)
Missiles
 k - a throwing net
Armour
 a - a +0 animal skin
 i - a +0 ring mail of poison resistance (worn)
Talismans
 c - a beast talisman
 d - a flux talisman
Scrolls
 f - a scroll of fear {unknown}
 h - a scroll of revelation {unknown}
 j - 2 scrolls of blinking {unknown}
Potions
 b - a potion of lignification
 e - a potion of magic {unknown}
 l - a potion of might {unknown}


   Skills:
 - Level 1.0 Fighting
 + Level 1.5 Axes
 - Level 1.7 Dodging
 - Level 2.6 Unarmed Combat
 + Level 3.5 Shapeshifting


You had 2 spell levels left.
You didn't know any spells.
Your spell library was empty.

Dungeon Overview and Level Annotations

Branches:
Dungeon (3/15)

Altars:


Innate Abilities, Weirdness & Mutations

You are a hulking beast.
Your limbs bulge with bestial killing power. (Slay +2)
You have a pair of small antennae on your head.


Message History

You see here 4 poisoned darts.
There is a stone staircase leading down here.
You climb downwards.
There is a stone staircase leading up here.
A dart slug comes into view.
A dart slug is nearby!
A dart slug is nearby!
A dart slug is nearby!
The dart slug launches a dart at you. The slug dart misses you.
A kobold brigand comes into view.
It is wielding a +0 short sword and quivering poisoned darts.
The kobold brigand shouts!
You hear a shout!
The kobold brigand throws a poisoned dart.
The poisoned dart hits you!
Found a thick smoking staff.
The dart slug misses you.
You slash the dart slug! You burn the dart slug.
You kill the dart slug!
An orc comes into view. It is wielding a +0 club.
You closely miss the kobold brigand. The kobold brigand barely misses you.
The kobold brigand misses you.
You barely miss the kobold brigand.
The kobold brigand hits you with a +0 short sword.
You hit the kobold brigand but do no damage.
The kobold brigand hits you with a +0 short sword.
The kobold brigand closely misses you.
You hit the kobold brigand but do no damage.
The kobold brigand hits you with a +0 short sword.
The orc barely misses you.
The kobold brigand hits you with a +0 short sword!
Unknown command.
You barely miss the kobold brigand. You barely miss the orc.
The orc hits you but does no damage.
The kobold brigand hits you with a +0 short sword.
* * * LOW HITPOINT WARNING * * *
Unknown command.
You barely miss the kobold brigand. You hit the orc. You burn the orc.
The orc hits you with a +0 club.
* * * LOW HITPOINT WARNING * * *
The kobold brigand closely misses you. The orc hits you with a +0 club.
You die...

########### #####
#.........# ....#
#.#######.##....##.
#..<#..............
#####.###.#hK......
........o......
#.....#........
########....##+
...... ....###
....# .|..#


You could see a kobold brigand and an orc.

Vanquished Creatures
  An adder (D:2)
  A worm (D:2)
  A dart slug (D:3)
  3 endoplasms (D:1)
  A giant cockroach (D:1)
  4 goblins
  2 hobgoblins (D:1)
  2 jackals (D:1)
  A quokka (D:2)
  5 ball pythons
  3 bats (D:2)
  A frilled lizard (D:2)
  3 kobolds
28 creatures vanquished.

Notes
Turn   | Place    | Note
-------+----------+-------------------------------------------
     0 | D:1      | DocClef the Demonspawn Shapeshifter began the quest for the
                  | Orb.
     0 | D:1      | Reached XP level 1. HP: 15/15 MP: 1/1
   138 | D:1      | Reached skill level 3 in Shapeshifting
   156 | D:1      | Found a faded altar of an unknown god.
   291 | D:1      | Gained mutation: You have a pair of small antennae on your
                  | head. [demonic ancestry]
   291 | D:1      | Reached XP level 2. HP: 18/21 MP: 2/2
   608 | D:2      | Reached skill level 1 in Axes
   671 | D:2      | Reached XP level 3. HP: 26/26 MP: 3/3
  1312 | D:3      | Noticed a kobold brigand
  1322 | D:3      | Slain by an orc

Illustrated notes

Levels and vault maps discovered:
D:1:      sevenhm_arrival_forest_fort_small_3, layout_basic,
          hellmonk_ecumenical_altar_lost_god, minmay_misc_feat_roman,
          minmay_misc_feat_diagonals, minmay_misc_feat_encased
D:2:      layout_basic, serial_curves, eino_curves_04, eino_curves_03,
          eino_curves_02
D:3:      layout_basic, mainiacjoe_overflow_chevrons,
          mainiacjoe_overflow_concentric_impassable,
          chequers_serial_rivers_micro_d, uniq_sigmund, uniq_jessica, uniq_robin

Skill      XL: |  1  2 |
---------------+-------+-----
Shapeshifting  | 3 |  3.5
Axes           | 1 |  1.5
Fighting       | |  1.0
Dodging        | |  1.7
Unarmed Combat | |  2.6

Action                     || total
---------------------------++-------
  Melee: Unarmed           ||    13
         Battleaxe         ||    52
 Armour: Animal skin       ||    17
         Ring mail         ||    25
  Dodge: Dodged            ||    42

Table legend: (Time is in decaauts)
 A = Elapsed time spent in this place.
 B = Non-inter-level travel time spent in this place.
 C = Inter-level travel time spent in this place.
 D = Time resting spent in this place.
 E = Time spent auto-exploring this place.
 F = Levels seen in this place.
 G = Mean time per level.
                   A        B        C        D        E       F      G
               +--------+--------+--------+--------+--------+-----+--------+
         Total |   1353 |   1302 |     51 |      0 |   1059 |   3 |  451.0 |
       Dungeon |   1353 |   1302 |     51 |      0 |   1059 |   3 |  451.0 |
               +--------+--------+--------+--------+--------+-----+--------+

Top non-repeatable levels by time:
     D:2: 712 daAuts
     D:1: 617 daAuts
     D:3: 23 daAuts
